woodfighter, chaotic female orcish Cavewoman -------- --......-- |..----...# ------------- |..| |..|# |...........| |..| |..|# |...*..>....+ |..----..|# |...........| --......--# |...........| -----+-- # ----------.-- # # ## ### # # # # ### #### # # ----.--- # # ------ |....<..#############d@#### |..<.| |......| #-----------.---- |....+ |.......### #|.*............. .....| -------- #-..............| ------ ---------------- woodfighter the Young Cave Woman Experience level: 6 Strength: 18/03 Dexterity: 12 Constitution: 13 Intelligence: 10 Wisdom: 11 Charisma: 9 Health: 0(46) Energy: 18(18) Def: 5 Gold: 914 Moves: 3487 Dungeon seed: -aChvgX23ZOal6KB Game ID: woodfighter_1487945919 Your Inventory: Coins $ - 914 gold pieces Weapons a - a +1 club (weapon in hand) b - a +2 sling (alternate weapon; not wielded) Armor q - an uncursed +0 leather armor (being worn) r - an uncursed +0 dwarvish cloak y - an uncursed +0 cloak of protection (being worn) Comestibles l - an uncursed sprig of wolfsbane z - 4 uncursed food rations F - an uncursed tripe ration Scrolls h - an uncursed scroll of enchant armor o - 3 uncursed scrolls of blank paper p - a cursed scroll of enchant weapon w - a cursed scroll of identify x - a blessed scroll of confuse monster A - an uncursed scroll of scare monster G - a cursed scroll of blank paper I - an uncursed scroll of teleportation J - an uncursed scroll of identify Spellbooks B - an uncursed spellbook of confuse monster K - an uncursed spellbook of healing Rings f - an uncursed +1 ring of stealth g - an uncursed ring of poison resistance i - an uncursed ring of searching H - an uncursed +1 ring of increase damage Wands n - a wand of magic missile (0:3) s - a wand of slow monster (0:7) C - a wand of cold (0:7) D - a wand of enlightenment (0:12) L - a wand of opening (0:4) Gems e - 8 uncursed flints (in quiver) Spells and supernatural/magical abilities: Name Level Category Fail Memory W - pray for help -- divine ? -- Your skills at the end: Miscellaneous Skills bare handed combat [Basic] Weapon Skills scimitar [Basic] club [Basic] sling [Basic] Spellcasting Skills Final Attributes: You were piously aligned. You were poison resistant. Your writing hand was ok. You were telepathic. You had infravision. You were very stealthy. You were protected. You are dead. Vanquished creatures: a winter wolf cub a dog a jaguar a rock piercer 2 fog clouds a black naga hatchling a golden naga hatchling a paper golem 4 giant ants a floating eye 4 rothes 2 jitterbugs 3 orc zombies a werejackal 7 killer bees 2 hobbits an acid blob a large kobold 3 geckos 2 giant rats 3 cave spiders a yellow mold a green mold a gnome 8 jackals 2 kobolds 6 newts a goblin 8 grid bugs a lichen 72 creatures vanquished. Voluntary challenges: You did not adorn yourself with jewelry or accessories. You did not cause conflict. You were not invisible. You did not have reflection. You were not displaced. You had been an atheist until turn 1835. You used a wielded weapon 112 times, starting on turn 120. You did not use containers. You did not apply a unicorn horn. You did not use plumbed fixtures. You did not drink any magical draughts. You were illiterate. You never genocided any monsters. You never polymorphed an object. You changed form 1 time, starting on turn 2800. You used no wishes. You never split a pudding. You never wrote Elbereth's name. You never violated your personal moral code. Dungeon overview: The Dungeons of Doom: levels 1 to 10 Level 1 (locked box) a long staircase Level 2 a general store, a fountain stairs to The Gnomish Mines Level 3 (locked box) Level 4 a general store, an altar to Ishtar Level 5 (vault) a fountain Level 6 Level 7 Level 8 (oracle) many fountains Level 9 <- You were here stairs to Sokoban Level 10 The Gnomish Mines: Level 3 stairs to The Dungeons of Doom Sokoban: Level 8 a magic chest stairs to The Dungeons of Doom History has recorded: On T:1 you entered the Dungeons of Doom to retrieve the Amulet of Yendor! On T:31 you reached level 2 of The Dungeons of Doom. On T:520 you reached level 3 of The Dungeons of Doom. On T:609 you advanced to experience level 2. On T:888 you reached level 1 of The Gnomish Mines. On T:1150 you advanced to experience level 3. On T:1192 you reached level 4 of The Dungeons of Doom. On T:1387 you advanced to experience level 4. On T:1598 you reached level 5 of The Dungeons of Doom. On T:2139 you advanced to experience level 5. On T:2317 you advanced to experience level 6. On T:2501 you reached level 6 of The Dungeons of Doom. On T:2575 you reached level 7 of The Dungeons of Doom. On T:2700 you reached level 8 of The Dungeons of Doom. On T:2840 you reached level 9 of The Dungeons of Doom. On T:3360 you reached level 4 of Sokoban. On T:3445 you reached level 10 of The Dungeons of Doom. Score breakdown: Gold: 914 ( 91 points) Experience: 6 levels ( 500 points) Exploration: 10 levels ( 270 points) Discoveries: 21 items ( 1050 points) Variety of kills: 30 monsters ( 1500 points) Major goal: (nothing yet) ( 0 points) Survival: died (score multiplied by 3) Total score: 10233 Latest messages: $ - 41 gold pieces. You return to orcish form! You stop exploring. The blast of frost hits it. (2x) The blast of frost hits the jitterbug. The blast of frost hits you! The jitterbug bites! (2x) You hit the jitterbug! The jitterbug bites! (2x) You kill the jitterbug! The blast of frost hits you! The winter wolf cub bites! You hit the winter wolf cub! The blast of frost hits the winter wolf cub. The blast of frost hits you! The winter wolf cub bites! You hit the winter wolf cub! The winter wolf cub bites! You kill the winter wolf cub! The blast of frost hits it. The blast of frost hits you! Your black potion freezes and shatters! Your fizzy potion freezes and shatters! Your black potion freezes and shatters! You see here a winter wolf cub corpse. The winter wolf cub bites! You die... Final status: Goodbye woodfighter the Cavewoman, killed by a winter wolf cub... You died in The Dungeons of Doom on dungeon level 9 with 10233 points, and 914 pieces of gold, after 3487 moves. You were level 6 with a maximum of 46 hit points when you died.